 Dungeon Crawl Stone Soup version 0.27.1-4-g1640c2035a (webtiles) character file.

Game seed: 12491633140620103970

235 styxcanada the Covert (level 5, -1/26 HPs)
             Began as a Spriggan Brigand on Nov 3, 2021.
             Slain by a goblin (2 damage)
             ... on level 3 of the Dungeon.
             The game lasted 00:10:21 (2581 turns).

styxcanada the Covert (Spriggan Brigand)            Turns: 2581, Time: 00:10:22

Health: -1/26      AC:  4    Str:  7    XL:     5   Next: 76%
Magic:  6/6        EV: 18    Int: 13    God:
Gold:   35         SH:  0    Dex: 17    Spells: 4/4 levels left

rFire    . . .     SeeInvis +   a - +2 dagger
rCold    . . .     Faith    .   (shield restricted)
rNeg     . . .     Spirit   .   b - +0 robe
rPois    .         Reflect  .   (helmet restricted)
rElec    .         Harm     .   c - +1 cloak
rCorr    .         Rampage  .   (gloves unavailable)
Will     .....                  (boots unavailable)
Stlth    ++++......             (no amulet)
HPRegen  0.08/turn              (no ring)
MPRegen  0.10/turn              (no ring)

@: lethally poisoned (-1 -> -5), very quick
A: very small, no large weapons, unfitting armour, see invisible, speed 3
a: no special abilities


You were on level 3 of the Dungeon.
You visited 1 branch of the dungeon, and saw 3 of its levels.

You collected 35 gold pieces.

Inventory:

Hand Weapons
 a - a +2 dagger (weapon)
Missiles
 d - 13 poisoned darts (quivered)
 e - 2 curare-tipped darts
 i - 132 stones
 n - 37 sling bullets
 r - 2 throwing nets
Armour
 b - a +0 robe (worn)
 c - a +1 cloak (worn)
Magical Staves
 g - a staff of conjuration
Wands
 p - a wand of polymorph (13)
Potions
 h - a potion of brilliance
 j - a potion of haste {unknown}


   Skills:
 * Level 2.2 Fighting
 + Level 2.7 Short Blades
 + Level 2.2 Throwing
 * Level 3.2 Dodging
 * Level 9.1 Stealth


You had 4 spell levels left.
You didn't know any spells.
Your spell library contained the following spells:

 Spells                   Type           Power      Damage    Failure   Level
 Passage of Golubria      Tloc           N/A        N/A       97%         4
 Silence                  Hex/Air        0%         N/A       100%        5
 Lehudib's Crystal Spear  Conj/Erth      0%         10d2      100%        8


Dungeon Overview and Level Annotations

Branches:
Dungeon (3/15)

Altars:

Shops:
D:2 =[(


Innate Abilities, Weirdness & Mutations

You are very small and have problems with some larger weapons.
You are too small for most types of armour.
You have supernaturally acute eyesight. (SInv)
You cover ground extremely quickly. (Speed+++)


Message History

The adder closely misses you.
You hit the adder.
The adder is severely wounded.
You feel sick. The adder closely misses you. The goblin misses you.
You hit the adder but do no damage.
The adder is severely wounded.
You feel sick.
You are no longer poisoned.
The adder bites you but does no damage.
The goblin hits you from afar with a +0 spear.
You miss the adder.
The adder is severely wounded.
The adder bites you.
You are poisoned.
The adder poisons you! The goblin barely misses you.
The adder completely misses you.
You hit the adder but do no damage.
The adder is severely wounded.
You feel sick. The goblin closely misses you. The adder bites you.
You are lethally poisoned!
The adder poisons you!
You hit the adder.
The adder is severely wounded.
* * * LOW HITPOINT WARNING * * *
You feel very sick. The adder completely misses you.
The goblin closely misses you.
You closely miss the adder.
The adder is severely wounded.
* * * LOW HITPOINT WARNING * * *
You feel sick. The adder barely misses you. The goblin misses you.
You hit the adder.
The adder is almost dead.
* * * LOW HITPOINT WARNING * * *
You feel sick. The adder barely misses you.
You closely miss the adder.
The adder is almost dead.
* * * LOW HITPOINT WARNING * * *
You feel sick. The adder barely misses you.
The goblin hits you from afar with a +0 spear.
You die...

..#.#..#
*****,,,,,,*
###.##.#
**,***,****
#.##!#####
*,,,,,,,,,
#.##.....#
***,,,,,,,
#..#####.#####
******,,,,,,, ##.#
#.....#
*,,,,,,*****, *.#
#####.## *,,,,,,*
*, *.# #..##
*,,,,,,* *, *.#
##.@# **,,,,,,* **
*.# ##S#**,,,,,,,*
* *,* #.g,,,,,,,,,*
* *,* ##..**,,,,,,*
* *,* *..#*,,,,,,*
* *,* *...,,,,,,,*
* *,*
**.###,,,,,,** *
*,** *<.#
****,,,,*** *
****,,**********,**
****,,,***


You could see an adder and a goblin.

Vanquished Creatures
  Sigmund (D:2)
  3 adders
  A worm (D:2)
  4 dart slugs
  3 ball pythons
  5 endoplasms
  A giant cockroach (D:1)
  7 goblins
  3 hobgoblins
  4 jackals (D:1)
  5 kobolds
  3 quokkas
  4 bats
  A frilled lizard (D:2)
  6 rats
51 creatures vanquished.

Notes
Turn   | Place    | Note
-------+----------+-------------------------------------------
     0 | D:1      | styxcanada the Spriggan Brigand began the quest for the
                  | Orb.
     0 | D:1      | Reached XP level 1. HP: 10/10 MP: 2/2
    36 | D:1      | Reached skill level 6 in Stealth
   279 | D:1      | Reached XP level 2. HP: 14/14 MP: 3/3
   640 | D:1      | Found a faded altar of an unknown god.
   860 | D:1      | Reached skill level 7 in Stealth
  1231 | D:1      | Reached XP level 3. HP: 13/18 MP: 4/4
  1800 | D:2      | Found Ponue's Jewellery Shoppe.
  2041 | D:2      | Noticed Sigmund
  2044 | D:2      | Killed Sigmund
  2045 | D:2      | Reached skill level 9 in Stealth
  2045 | D:2      | Reached XP level 4. HP: 23/23 MP: 5/5
  2045 | D:2      | Reached XP level 5. HP: 26/26 MP: 6/6
  2247 | D:2      | Found Ygysipio's Weapon Shoppe.
  2371 | D:2      | Found Nafuxergh's Antique Armour Emporium.
  2581 | D:3      | HP: 1/26 [poisoned by an adder]
  2581 | D:3      | Slain by a goblin

Illustrated notes

Levels and vault maps discovered:
D:1:      dpeg_arrival_rhombus, layout_basic, ebering_ecumenical_altar_rust
D:2:      layout_basic, serial_shops, shop, shop, nicolae_shop_stone,
          uniq_sigmund
D:3:      layout_rooms

Skill      XL: |  1  2  3 |
---------------+----------+-----
Stealth        | 6 7 9 |  9.1
Dodging        | 3 |  3.2
Fighting       | 2 |  2.2
Short Blades   | |  2.7
Throwing       | |  2.2

Action                   |  1- 3 |  4- 6 || total
-------------------------+-------+-------++-------
Melee: Dagger            |    92 |    43 ||   135
Throw: Dart              |     9 |       ||     9
  Use: Scroll            |       |     7 ||     7
 Stab: Sleeping          |    14 |     8 ||    22
Armor: Robe              |     3 |     4 ||     7
Dodge: Dodged            |    62 |    27 ||    89
